 Dungeon Crawl Stone Soup version 0.19-a0-1878-gcbc8a98 (webtiles) character file.

25 zarick13 the Insei (level 3, -2/23 HPs)
             Began as an Octopode Transmuter on Oct 14, 2016.
             Slain by a centaur (5 damage)
             ... on level 1 of the Dungeon.
             The game lasted 00:02:33 (715 turns).

zarick13 the Insei (Octopode Transmuter)             Turns: 715, Time: 00:02:34

Health: -2/23      AC:  1    Str: 10    XL:     3   Next: 4%
Magic:  1/6        EV: 13    Int: 15    God:
Gold:   26         SH:  0    Dex: 12    Spells: 2 memorised, 2 levels left

rFire  . . .     SeeInvis .       - Unarmed
rCold  . . .     Gourm    .     (no shield)
rNeg   . . .     Faith    .     (helmet restricted)
rPois  .         Spirit   .     (no amulet)
rElec  .         Dismiss  .     (no ring)
rCorr  .         Reflect  .     (no ring)
MR     .....     Harm     .     (no ring)
Stlth  ++........               (no ring)
                                (no ring)
                                (no ring)
                                (no ring)
                                (no ring)

@: very slightly contaminated
A: almost no armour, stealthy swim, amphibious, 8 rings, constrict 8, camouflage
1, gelatinous body 1
a: no special abilities


You were on level 1 of the Dungeon.
You were not hungry.

You visited 1 branch of the dungeon, and saw 2 of its levels.

You collected 26 gold pieces.


Innate Abilities, Weirdness & Mutations

You cannot wear most types of armour.
You are very stealthy in the water. (Stealth+)
You are amphibious.
You can wear up to eight rings at the same time.
You can use your tentacles to constrict eight enemies at once.
Your skin changes colour to match your surroundings (Stealth+).
Your rubbery body absorbs attacks. (AC +1, EV +1)


   Skills:
 - Level 1.0 Fighting
 - Level 2.0 Dodging
 - Level 4.0 Unarmed Combat
 - Level 2.0 Spellcasting
 - Level 2.0 Transmutations
 + Level 0.2 Poison Magic


You had 2 spell levels left.
You knew the following spells:

 Your Spells              Type           Power        Failure   Level  Hunger
a - Beastly Appendage     Tmut           #.....       12%         1    #......
b - Spider Form           Tmut/Pois      #.........   43%         3    ###....

Inventory:

Missiles
 a - 12 arrows
Scrolls
 h - a scroll of remove curse {unknown}
Potions
 d - a potion of magic {unknown}
 e - a potion of flight {unknown}
 f - a potion of berserk rage {!q}
Books
 b - a book of Changes

   Spells                             Type                      Level
   a - Beastly Appendage              Transmutation                1
   b - Sticks to Snakes               Transmutation                2
   c - Spider Form                    Transmutation/Poison         3
   d - Ice Form                       Ice/Transmutation            4
   e - Blade Hands                    Transmutation                5
Comestibles
 c - a bread ration

Dungeon Overview and Level Annotations

Branches:
Dungeon (2/15)

Altars:

#...............#.###
###..##.......#.#.##.
##...)###.......##.
###....#....##.#..
###..#......##....
#....#####........
##.#.## ####...####
##....# ##......####
#..@#####.....#...##
#...c.......#.###.##
#..#..........# #..#
#..#........### ##.#
#..########.# #(# ##..#
#.# ##.. ###...#
####%#####... #.....#
##..........#.
#.....####..##.#######.


You could see a centaur.


Message History

You miscast Spider Form.
Nothing appears to happen.
The giant cockroach barely misses you. The bat misses you.
The goblin hits you with a dagger of venom.
You are poisoned.
The giant cockroach closely misses you.
You feel sick. The bat hits you.
You feel sick.
You feel sick. The goblin closely misses you.
You feel sick.
You feel sick.
You feel sick.
There is a stone staircase leading up here.
You climb upwards.
You feel sick.
There is a stone staircase leading down here.
You start resting.
You feel sick. x4
You are no longer poisoned.
You start resting.
A centaur comes up the stairs.
You don't know that spell.
You miscast Spider Form.
You feel sick.
Unknown command.
You tentacle-slap the centaur but do no damage.
Your squeeze misses the centaur. The centaur hits you.
* * * LOW HITPOINT WARNING * * *
You tentacle-slap the centaur.
The centaur is lightly wounded.
The centaur hits you.
You die...

Action                   || total
-------------------------++-------
Melee: Unarmed           ||    37
       Constrict         ||    11
       Tentacles         ||     4
       Kick              ||     2
 Cast: Beastly Appendage ||     1
  Use: Scroll            ||     2
 Stab: Sleeping          ||     1
Armor: Skin              ||     2
Dodge: Dodged            ||    28

Vault maps used:
D:1:      onia_arrival_mini_spirals
D:2:      first_bread, serial_bayou, serial_bayou_shore_b,
          serial_bayou_lagoon_a, serial_bayou_pond_c, serial_bayou_pond_e,
          serial_bayou_shore_a, uniq_jessica, uniq_iyjb

Notes
Turn   | Place    | Note
-------+----------+-------------------------------------------
     0 | D:1      | zarick13 the Octopode Transmuter began the quest for the Orb.
     0 | D:1      | Reached XP level 1. HP: 13/13 MP: 3/3
   215 | D:1      | Reached XP level 2. HP: 14/18 MP: 5/5
   381 | D:1      | Reached skill level 4 in Unarmed Combat
   415 | D:1      | Reached XP level 3. HP: 18/23 MP: 6/6
   426 | D:1      | Learned a level 3 spell: Spider Form
   713 | D:1      | Noticed a centaur
   715 | D:1      | Slain by a centaur

Vanquished Creatures
  2 dart slugs (D:1)
  A leopard gecko (D:1)
  2 bats (D:1)
  2 giant cockroaches (D:1)
  4 goblins (D:1)
  A hobgoblin (D:1)
  2 kobolds (D:1)
  4 rats (D:1)
18 creatures vanquished.
